 Dungeon Crawl Stone Soup version 0.31-a0-263-ge8cad7f256 (webtiles) character file.

Game seed: 4557590141520730390

200 Iniera the Ducker (level 6, -2/38 HPs)
             Began as a Kobold Monk on July 14, 2023.
             Slain by an orc priest
             ... wielding a +0 hand axe
              (5 damage)
             ... on level 4 of the Dungeon.
             The game lasted 00:03:36 (3194 turns).

Iniera the Ducker (Kobold Monk)                     Turns: 3194, Time: 00:03:37

Health: -2/38      AC:  6    Str:  8    XL:     6   Next: 6%
Magic:  7/7        EV: 14    Int: 12    God:
Gold:   146        SH:  0    Dex: 19    Spells: 5/5 levels left

rFire   . . .        a - +0 falchion
rCold   . . .        (no shield)
rNeg    . . .        n - +1 ring mail
rPois   .            (no helmet)
rElec   .            (no cloak)
rCorr   .            (no gloves)
SInv    .            (no boots)
Will    .....        (no amulet)
Stlth   ++           (no ring)
HPRegen 0.26/turn    (no ring)
MPRegen 0.10/turn

%: no passive effects
@: invisible
A: small, no large weapons, nightstalker 3
a: no special abilities


You were on level 4 of the Dungeon.
You visited 1 branch of the dungeon, and saw 4 of its levels.

You collected 186 gold pieces.
You spent 40 gold pieces at shops.

Inventory:

Hand Weapons
 a - a +0 falchion (weapon)
Missiles
 f - a throwing net
Armour
 d - an orb of light
 n - a +1 ring mail (worn)
Scrolls
 b - a scroll of enchant armour
 c - a scroll of identify
 j - 2 scrolls of revelation
Potions
 e - a potion of curing
 h - a potion of lignification {unknown}
 k - a potion of magic


   Skills:
 + Level 4.2 Fighting
 * Level 3.8 Long Blades
 + Level 4.6 Dodging
 + Level 2.2 Invocations


You had 5 spell levels left.
You didn't know any spells.
Your spell library contained the following spells:

 Spells                   Type           Power      Damage    Failure   Level
 Ensorcelled Hibernation  Hex/Ice        0%         N/A       83%         2
 Passwall                 Tmut/Erth      0%         N/A       83%         2
 Gell's Gravitas          Tloc           0%         N/A       97%         3
 Swiftness                Air            0%         N/A       97%         3
 Teleport Other           Tloc           0%         N/A       97%         3
 Dispersal                Tloc           0%         N/A       100%        6


Dungeon Overview and Level Annotations

Branches:
Dungeon (4/15)
 Temple: D:4-7

Altars:
Zin

Shops:
D:2 !


Innate Abilities, Weirdness & Mutations

You are small and have problems with some larger weapons.
You are completely attuned to the shadows.


Message History

Beogh smites you!
* * * LOW HITPOINT WARNING * * *
The orc closely misses you.
You continue taking off your orb of light.
The orc wizard casts a spell.
The orc wizard flickers and vanishes for a moment.
The orc priest closely misses you. The orc hits you with a +0 club.
* * * LOW HITPOINT WARNING * * *
You finish taking off your orb of light.
You feel better. Something barely misses you. The orc priest barely misses you.
The orc misses you.
You feel better. Something hits you.
Deactivating autopickup; reactivate with Ctrl-A.
The orc priest barely misses you. The orc closely misses you.
You strike the helpless orc priest from behind!
You hit the orc priest but do no damage.
The orc priest is moderately wounded.
Something hits you. The orc priest barely misses you. The orc misses you.
You completely miss the orc priest.
The orc priest is moderately wounded.
You hit the orc but do no damage.
You hear some strange, mumbled words.
A puff of flame appears from out of thin air!
The puff of flame misses you. The orc priest barely misses you.
You hit the orc priest.
The orc priest is heavily wounded.
The orc priest hits you with a +0 hand axe.
The orc priest calls down the wrath of Beogh upon you.
Pain shoots through your body!
* * * LOW HITPOINT WARNING * * *
You hear some strange, mumbled words.
A magic dart appears from out of thin air!
The magic dart hits you!
* * * LOW HITPOINT WARNING * * *
You hit the orc priest.
The orc priest is almost dead.
Something hits you.
* * * LOW HITPOINT WARNING * * *
The orc priest hits you with a +0 hand axe.
You die...

.....#
.....#
.o...# ...#
.?.{o# ...#
...)@##...#
...........
.....#.....
.....#.....
...........
..........
..#.##
.........
##.#...
.........
.......[#
#........


You could see an orc priest (unable to see you) and an orc (unable to see you).

Vanquished Creatures
  A sleepcap (D:3)
  3 gnolls (D:4)
  6 adders
  An ufetubus (D:4)
  A worm (D:2)
  5 orcs
  12 ball pythons
  4 bats
  7 endoplasms
  3 giant cockroaches
  4 goblins
  8 hobgoblins
  8 jackals
  6 frilled lizards
  5 kobolds
  5 rats
79 creatures vanquished.

Notes
Turn   | Place    | Note
-------+----------+-------------------------------------------
     0 | D:1      | Iniera the Kobold Monk began the quest for the Orb.
     0 | D:1      | Reached XP level 1. HP: 14/14 MP: 1/1
   262 | D:1      | Reached XP level 2. HP: 11/19 MP: 2/2
  1205 | D:2      | Reached XP level 3. HP: 22/23 MP: 3/3
  1214 | D:2      | Found Rakorevifo's Distillery.
  1219 | D:2      | Bought a potion of curing for 30 gold pieces
  1219 | D:2      | Bought a potion of degeneration for 10 gold pieces
  1394 | D:2      | Reached skill level 1 in Invocations
  1399 | D:2      | Reached XP level 4. HP: 29/29 MP: 4/4
  1631 | D:2      | Found a glowing silver altar of Zin.
  1944 | D:3      | Reached XP level 5. HP: 15/33 MP: 6/6
  3059 | D:4      | Reached XP level 6. HP: 22/38 MP: 7/7
  3194 | D:4      | Slain by an orc priest

Illustrated notes

Levels and vault maps discovered:
D:1:      zaba_arrival_water, layout_loops_cross
D:2:      layout_loops_ring, serial_shops, shop, basic_altar,
          minmay_diced_spiral
D:3:      layout_basic, nicolae_underground_beach
D:4:      layout_rooms, dk_yredelemnul_ordeal, minmay_temple_entry_grid,
          minmay_misc_feat_iff

Skill      XL: |  1  2  3  4  5 |
---------------+----------------+-----
Long Blades    | 3 |  3.8
Dodging        | 4 |  4.6
Invocations    | 1 2 |  2.2
Fighting       | 4 |  4.2

Action                     |  1- 3 |  4- 6 || total
---------------------------+-------+-------++-------
  Melee: Falchion          |    71 |   146 ||   217
    Use: Scroll            |     6 |     3 ||     9
         Potion            |       |     6 ||     6
   Stab: Sleeping          |     2 |       ||     2
         Invisible         |       |     1 ||     1
 Armour: Robe              |     5 |       ||     5
         Ring mail         |    15 |    48 ||    63
  Dodge: Dodged            |    57 |   140 ||   197

Table legend: (Time is in decaauts)
 A = Elapsed time spent in this place.
 B = Non-inter-level travel time spent in this place.
 C = Inter-level travel time spent in this place.
 D = Time resting spent in this place.
 E = Time spent auto-exploring this place.
 F = Levels seen in this place.
 G = Mean time per level.
                   A        B        C        D        E       F      G
               +--------+--------+--------+--------+--------+-----+--------+
         Total |   3268 |   3072 |    196 |     60 |   2491 |   4 |  817.0 |
       Dungeon |   3268 |   3072 |    196 |     60 |   2491 |   4 |  817.0 |
               +--------+--------+--------+--------+--------+-----+--------+

Top non-repeatable levels by time:
     D:1: 1226 daAuts
     D:3: 856 daAuts
     D:2: 743 daAuts
     D:4: 442 daAuts
